 Dungeon Crawl Stone Soup version 0.18-a0-1418-ga86aa8f (webtiles) character file.

1303041 namelastname112 the Meteorologist (level 27, -5/285 HPs)
             Began as a White Draconian Monk on Feb 26, 2016.
             Was the Champion of Makhleb.
             Slain by Antaeus
             ... wielding the +7 quarterstaff of the Eternal Void {venom, rElec rC- rN+++ Dex+3}
              (20 damage)
             ... on level 7 of Cocytus.
             The game lasted 04:26:52 (90786 turns).

namelastname112 the Meteorologist (DrMo)           Turns: 90786, Time: 04:26:53

Health: -5/285     AC: 23    Str: 23    XL:     27
Magic:  57/60      EV: 47    Int:  9    God:    Makhleb [******]
Gold:   12480      SH: 23    Dex: 37    Spells: 9 memorised, 34 levels left

rFire  + + +     SeeInvis .     o - +8 mithril axe "Arga" {speed, MR+ Str+2}
rCold  + + .     Gourm    .     (armour unavailable)
rNeg   + + .     Faith    .     s - +5 shield {rC+ rF+}
rPois  +         Spirit   .     I - +3 hat of Hysteria {Str+5 Dex+2}
rElec  +         Dismiss  .     X - +2 cloak of Starlight {rElec rC+ EV+4 Stlth--}
rCorr  +         Reflect  .     x - +2 pair of fencer's gloves {LBl+4 SBl+4 EV+3 Dex+6}
SustAt .         Harm     .     U - +0 pair of boots of Jyihatusch {rElec MP+9} (curse)
MR     +++++                    u - amulet of Vitality {Regen+ HP+15}
Stlth  ++++......               v - ring of Pekhoac {Fire rPois rN++}
                                W - ring "Ofabroif" {rCorr rF+ MR++}

@: agile, very slightly contaminated, hasted (expiring), deflect missiles, very
quick, almost entirely resistant to hostile enchantments, stealthy
A: breathe frost, unfitting armour, cold resistance 1, dopey 1, robust 1,
cold-blooded, AC +13
a: Breathe Frost, Minor Destruction, Lesser Servant of Makhleb, Major
Destruction, Greater Servant of Makhleb, Renounce Religion
}: 14/15 runes: barnacled, slimy, silver, golden, iron, obsidian, bone, abyssal,
demonic, glowing, magical, fiery, dark, gossamer


You were on level 7 of Cocytus.
You worshipped Makhleb.
Makhleb was exalted by your worship.
You were not hungry.

You visited 18 branches of the dungeon, and saw 93 of its levels.
You visited Pandemonium 2 times, and saw 39 of its levels.
You visited the Abyss 4 times.
You visited 1 ziggurat, and saw 9 of its levels.
You also visited: Bailey and Ice Cave.

You collected 14661 gold pieces.
You spent 2181 gold pieces at shops.

Inventory:

Hand Weapons
 o - the +8 mithril axe "Arga" (weapon) {speed, MR+ Str+2}
   (You found it on level 8 of the Dungeon)

   Attacks with this weapon are significantly faster.
   It affects your strength (+2).
   It affects your resistance to hostile enchantments.
Missiles
 K - 11 throwing nets
 N - 23 javelins of returning (quivered)
Armour
 q - the +2 pair of gloves "Peaqigy" {rC+ Regen+}
   (You found it on level 6 of the Pits of Slime)

   It protects you from cold.
   It increases your rate of regeneration.
 s - a +5 shield of resistance (worn)
 x - the +2 pair of fencer's gloves (worn) {LBl+4 SBl+4 EV+3 Dex+6}
   (You acquired it in Pandemonium)

   It affects your evasion (+3).
   It affects your dexterity (+6).
 I - the +3 hat of Hysteria (worn) {Str+5 Dex+2}
   (You found it on level 4 of the Depths)

   It affects your strength (+5).
   It affects your dexterity (+2).
 U - the cursed +0 pair of boots of Jyihatusch (worn) {rElec MP+9}
   (You found it on level 7 of the Lair of Beasts)

   It insulates you from electricity.
   It affects your magic capacity (+9).
   It has a curse placed upon it.
 X - the +2 cloak of Starlight (worn) {rElec rC+ EV+4 Stlth--}
   (You found it on level 3 of the Elven Halls)

   It affects your evasion (+4).
   It protects you from cold.
   It insulates you from electricity.
   It makes you much less stealthy.
 Z - the +8 large shield of Illix {rPois rC+ Regen+}
   (You took it off Mennas on level 3 of the Tomb of the Ancients)

   It protects you from cold.
   It protects you from poison.
   It increases your rate of regeneration.
Jewellery
 u - the amulet of Vitality (around neck) {Regen+ HP+15}
   (You found it on level 6 of a ziggurat)

   [amulet of regeneration]

   It affects your health (+15).
   It increases your rate of regeneration.
 v - the ring of Pekhoac (right hand) {Fire rPois rN++}
   (You found it on level 7 of a ziggurat)

   [ring of fire]

   It enhances your fire magic, and weakens your ice magic.
   It protects you from fire.
   It makes you vulnerable to cold.
   It protects you from poison.
   It greatly protects you from negative energy.
 R - a ring of the Octopus King {AC+1 EV+1 Str+1 Int+1 Dex+1 Stlth+}
   (You found it on level 8 of a ziggurat)

   [ring of stealth]

   It affects your AC (+1).
   It affects your evasion (+1).
   It affects your strength (+1).
   It affects your intelligence (+1).
   It affects your dexterity (+1).
   It makes you more stealthy.
 W - the ring "Ofabroif" (left hand) {rCorr rF+ MR++}
   (You found it on level 5 of the Vaults)

   [ring of resist corrosion]

   It protects you from fire.
   It affects your resistance to hostile enchantments.
Wands
 k - a wand of heal wounds (0/9)
 B - a wand of teleportation (5/9)
 J - a wand of digging (3/24)
 Q - a wand of digging (15/24)
Scrolls
 d - 2 scrolls of enchant armour
 h - 9 scrolls of teleportation
 j - 39 scrolls of remove curse
 m - a scroll of holy word
 C - 8 scrolls of magic mapping
 E - 2 scrolls of summoning
 L - 6 scrolls of recharging
 M - 12 scrolls of fear
 S - 10 scrolls of fog
 V - 24 scrolls of identify
Potions
 e - 5 potions of invisibility
 f - 19 potions of curing
 g - 5 potions of brilliance
 i - 4 potions of haste
 r - 4 potions of cure mutation
 t - 3 potions of resistance
 y - 4 potions of cancellation
 A - 6 potions of magic
 G - 7 potions of agility
 H - 12 potions of flight
Miscellaneous
 n - 2 phantom mirrors
 D - a fan of gales
 T - a sack of spiders
Comestibles
 a - 33 bread rations
 p - 46 fruits
 z - 3 meat rations
 F - 22 beef jerkies


   Skills:
 - Level 19.9 Fighting
 O Level 27 Axes
 - Level 18.3 Throwing
 - Level 16.6 Dodging
 - Level 10.7 Stealth
 - Level 19.3 Shields
 - Level 10.6 Unarmed Combat
 * Level 24.0 Spellcasting
 - Level 5.2 Hexes
 - Level 11.5 Charms
 - Level 4.1 Necromancy
 + Level 19.9 Translocations
 O Level 27 Air Magic
 - Level 16.6 Invocations


You had 34 spell levels left.
You knew the following spells:

 Your Spells              Type           Power        Failure   Level  Hunger
a - Deflect Missiles      Chrm/Air       #####.....   1%          6    ######.
b - Blink                 Tloc           N/A          0%          2    None
c - Silence               Hex/Air        #####.....   1%          5    ####...
d - Regeneration          Chrm/Necr      ###.......   1%          3    None
e - Apportation           Tloc           #####.....   0%          1    None
f - Portal Projectile     Tloc           #####.       0%          3    None
g - Tornado               Air            ######....   14%         9    #######
h - Controlled Blink      Tloc           N/A          12%         8    #######
x - Spectral Weapon       Hex/Chrm       ####....     1%          3    None


Dungeon Overview and Level Annotations

Branches:
Dungeon (15/15)            Temple (1/1) D:6            Lair (8/8) D:8
 Shoals (4/4) Lair:5       Spider (4/4) Lair:6        Slime (6/6) Lair:6
    Orc (2/2) D:10            Elf (3/3) Orc:2        Vaults (5/5) D:13
  Crypt (3/3) Vaults:3       Tomb (3/3) Crypt:3      Depths (5/5) D:15
   Hell (1/1)                 Dis (7/7) Hell            Geh (7/7) Hell
    Coc (7/7) Hell            Tar (7/7) Hell            Zot (5/5) Depths:5

Altars:
Cheibriados
Elyvilon
Fedhas
Kikubaaqudgha
Makhleb
Nemelex Xobeh
Okawaru
Pakellas
Qazlal
Trog
Vehumet
Xom
Yredelemnul
Zin
Beogh
Jiyva

Shops:
D:11 !   D:13 =   Orc:1 *   Orc:2 ?:(?   Elf:1 :   Elf:3 !   Shoals:1 ?
Shoals:2 ((}[!   Vaults:2 [   Vaults:3 *   Vaults:5 :

Portals:
Hell: Depths:1 Depths:2 Depths:3 Depths:4 Depths:5
Abyss: Depths:1 Depths:4 Depths:5
Pandemonium: Depths:2 Depths:3 Depths:4
Ziggurat: Lair:1

Annotations:
Elf:2 3 runed doors
Coc:7 exclusion: ice statue, Antaeus
Zot:5 1 exclusion


Innate Abilities, Weirdness & Mutations

You can breathe waves of freezing cold.
You can buffet flying creatures when you breathe cold.
Your icy white scales are hard (AC +13).
Your body does not fit into most forms of armour.
Your flesh is cold resistant.
You are cold-blooded and may be slowed by cold attacks.
You are dopey. (Int -2)
You are robust (+10% HP).


Message History

You slice Antaeus!!
Antaeus is almost dead.
Your blizzard demon hits Antaeus but does no damage. x2
You strike the helpless Antaeus from a blind spot!
You slice Antaeus!!
Antaeus is almost dead.
Your extra speed is starting to run out.
You completely miss Antaeus. You tail-slap Antaeus.
Antaeus is almost dead.
You hit Antaeus but do no damage. You tail-slap Antaeus!
Antaeus is almost dead.
The ice encasing you melts away.
Antaeus hits you with a faintly glowing quarterstaff {venom}!!!
* * * LOW HITPOINT WARNING * * *
Antaeus freezes you!! You resist.
* * * LOW HITPOINT WARNING * * *
Antaeus hits you with a faintly glowing quarterstaff {venom}!
* * * LOW HITPOINT WARNING * * *
Antaeus freezes you!! You resist.
You die...

#..##..#..........≈≈≈≈≈≈)..# *
*#.#..##..........≈≈≈.....## *
#**##...#####...............## **
..##....# ###...........### *,
#.......## ######.....## **,
##.....C.# ########### ***,,
##....§.#* ##$$## **,,,,
**#.......#####$:[?# ****,,,,,
....##.....#..2C@.$# ****,,,,,≈≈≈
.###*##......###$)##**,,,,,,≈≈≈≈≈
** **###.#### ####**,,,,,,,≈≈≈≈≈
*****,,#..# **,,,,,,,≈≈≈≈≈≈
,,**,,,,,## **,,,,,,≈≈≈≈≈≈≈≈
,,**,,,,** ****,,,,,,≈≈≈≈≈≈≈≈≈
,,***,,********,,,,,,≈≈≈≈≈≈≈≈,≈≈≈
,,,*******,,,,,,,,,,≈≈≈≈≈≈≈≈,,,≈≈
,,,,*****,,,,,,,,,,,≈≈≈≈≈≈≈≈≈,≈≈≈


You could see Antaeus and a friendly blizzard demon.

Vanquished Creatures
  Cerebov (Pan)
  Asmodeus (Geh:7)
  the Royal Jelly (Slime:6)
  Ereshkigal (Tar:7)
  the Serpent of Hell (Coc:7)
  Lom Lobon (Pan)
  Gloorx Vloq (Pan)
  A seraph (Pan)
  Mnoleg (Pan)
  Dispater (Dis:7)
  5 ancient liches
  Mara (Spider:4)
  Mennas (Tomb:3)
  2 juggernauts
  30 greater mummies
  Sojobo (Vaults:5)
  7 iron giants
  Norris (Depths:1)
  A curse toe (Zot:2)
  Margery (Depths:5)
  Boris (twice) (Depths:5 Tomb:1)
  5 shard shrikes
  Saint Roka (Vaults:5)
  4 Killer Klowns
  7 golden dragons
  Geryon (Hell)
  the Enchantress (Depths:5)
  A pearl dragon (Pan)
  Xtahua (Depths:5)
  Arachne (Spider:3)
  A profane servitor (Crypt:3)
  7 doom hounds
  7 bone dragons
  12 liches
  2 electric golems
  15 Brimstone Fiends
  6 pandemonium lords (Pan)
  The ghost of Azzok the Bludgeoner, an adept DDFi of Makhleb (Vaults:3)
  18 tentacled monstrosities
  15 Ice Fiends
  13 Hell Sentinels
  A quicksilver dragon (shapeshifter) (Depths:2)
  2 deep elf blademasters (Elf:3)
  15 Shadow Fiends
  10 titans
  2 krakens (Shoals:4)
  30 Executioners (Pan)
  11 sphinxes
  3 quicksilver dragons
  A tentacled starspawn (Abyss:4)
  19 acid blobs
  7 death cobs
  Polyphemus (Shoals:3)
  Frances (D:14)
  Gastronok (Lair:1)
  3 eldritch tentacles
  3 ancient champions
  13 shadow dragons
  Kirke (D:12)
  3 revenants
  4 draconian monks
  Agnes (D:14)
  6 warmongers (Pan)
  Ilsuiw (Shoals:4)
  16 tengu reavers
  10 daevas (Pan)
  11 storm dragons
  5 azure jellies
  A greater naga (Zig:8)
  10 fire giants
  Maud (D:14)
  12 iron dragons
  6 draconian scorchers
  11 vault wardens
  27 balrugs
  7 corrupters
  3 draconian knights
  12 blood saints (Pan)
  7 deep elf sorcerers
  An orc warlord (Orc:2)
  6 ghost moths
  A draconian zealot (Zot:2)
  Aizul (Shoals:4)
  12 frost giants
  4 deep elf elementalists
  5 emperor scorpions
  5 draconian shifters
  18 cacodemons
  2 ghouls
  A caustic shrike zombie (Depths:1)
  4 curse skulls
  50 reapers
  4 spriggan defenders (Depths:5)
  17 angels (Pan)
  14 ironheart preservers
  7 draconian annihilators
  14 ophanim (Pan)
  26 stone giants
  13 apis (Pan)
  25 very ugly things
  6 salamander stormcallers
  6 green draconians
  11 vampire knights
  11 war gargoyles
  2 elemental wellsprings
  9 deep elf annihilators
  7 chaos champions (Pan)
  5 deep elf demonologists
  3 draconian callers
  11 lorocyprocas
  7 black draconians
  6 bennus
  7 white draconians
  8 mottled draconians
  9 yellow draconians
  7 spark wasps
  6 red draconians
  8 purple draconians
  22 fire dragons
  23 blizzard demons
  9 black suns
  6 merfolk javelineers
  3 crystal guardians
  9 deep elf death magi
  5 quicksilver dragon zombies
  16 green deaths
  A fire dragon (shapeshifter) (Depths:2)
  28 vault guards
  2 eidola (Crypt:2)
  10 ettins
  4 entropy weavers
  5 merfolk impalers
  A kraken zombie (Coc:7)
  24 yaktaur captains
  21 mummy priests
  16 ogre magi
  16 jiangshi
  3 death oozes (Slime:6)
  Erolcha (Orc:2)
  6 deep elf high priests
  14 great orbs of eyes
  8 spriggan air magi
  5 rakshasas
  3 ice dragons (shapeshifter)
  An entropy weaver (shapeshifter) (Depths:2)
  9 hell beasts
  7 hydras
  34 ice dragons
  A ghost crab (Tar:3)
  A quicksilver dragon skeleton (Geh:1)
  2 merfolk avatars
  An alligator snapping turtle (Shoals:4)
  2 catoblepae
  A hydra (shapeshifter) (Depths:2)
  11 monstrous demonspawn
  6 merfolk aquamancers
  11 death knights
  An alligator (Zig:3)
  7 centaur warriors
  3 titan zombies
  18 death yaks
  7 vampire magi
  9 deep troll shamans
  13 deep troll earth magi
  9 tengu warriors
  An iron giant skeleton (Crypt:2)
  10 satyrs (Shoals:4)
  15 dancing weapons
  34 soul eaters
  Urug (D:14)
  A thrashing horror (Abyss:4)
  6 spriggan berserkers
  A shock serpent (shapeshifter) (Vaults:5)
  Nergalle (Lair:1)
  A fire crab (shapeshifter) (Depths:3)
  27 sun demons
  22 hell hogs
  4 shock serpents
  3 fire crabs
  4 storm dragon zombies
  4 spriggans
  8 iron golems
  119 skeletal warriors
  A spectral spark wasp (Zig:6)
  11 shadow wraiths
  3 anaconda zombies
  13 deep elf knights
  59 death scarabs
  A death drake (shapeshifter) (D:15)
  A spatial maelstrom (Abyss:4)
  A titan skeleton (Tar:7)
  23 hell knights
  6 sea snakes
  2 ghost moth zombies
  6 salamander mystics
  6 shadow demons
  11 iron trolls
  11 gelid demonspawn (Pan)
  12 cherubim (Pan)
  14 flayed ghosts
  31 deep trolls
  6 golden dragon zombies
  4 giant orange brains
  13 putrid demonspawn (Pan)
  8 deep elf archers
  5 unseen horrors
  4 storm dragon skeletons
  8 infernal demonspawn
  8 torturous demonspawn (Pan)
  An orange crystal statue (Depths:3)
  10 ironbrand convokers
  10 hill giants
  2 golden dragon skeletons
  An obsidian statue (Zig:1)
  41 deep elf magi
  42 anubis guards
  2 tengu zombies
  20 phantasmal warriors
  3 shadow dragon zombies
  A mana viper (shapeshifter) (Depths:3)
  A sphinx zombie (Zig:4)
  4 wolf spider zombies
  12 harpies
  A harpy (shapeshifter) (Vaults:3)
  20 orb spiders
  17 necromancers
  5 anaconda skeletons
  A lindwurm (shapeshifter) (Depths:3)
  10 griffons
  9 orc sorcerers
  9 wizards
  A wolf spider (shapeshifter) (Depths:3)
  2 shadow dragon skeletons
  An orb spider (shapeshifter) (D:15)
  9 fauns
  13 orc knights
  A cyclops (shapeshifter) (Depths:3)
  A spectral ettin (Crypt:3)
  67 ugly things
  A faun (shapeshifter) (Depths:3)
  5 fire giant zombies
  3 iron dragon zombies
  6 hornets
  12 cyclopes
  11 manticores
  2 salamanders (shapeshifter)
  6 stone giant zombies
  2 oklob plants
  A water nymph (shapeshifter) (Depths:2)
  29 slime creatures
  15 moths of wrath
  4 frost giant zombies
  18 sixfirhies
  4 centaur zombies
  A moth of wrath (shapeshifter) (Vaults:5)
  3 water nymphs
  25 wolf spiders
  12 salamanders
  4 fire giant skeletons
  13 sirens
  20 vault sentinels
  2 frost giant skeletons
  2 black mambas (shapeshifter)
  An iron dragon skeleton (Geh:1)
  A shining eye (Slime:2)
  2 ice statues
  16 elephants
  12 black mambas
  A guardian serpent (shapeshifter) (Depths:3)
  2 shock serpent zombies
  2 gargoyles
  3 dire elephant zombies
  6 torpor snails
  55 smoke demons
  An eye of devastation (Pan)
  12 molten gargoyles
  15 spiny frogs
  2 stone giant skeletons
  A storm dragon simulacrum (Hell)
  32 rust devils
  10 naga magi
  A yaktaur zombie (Zig:1)
  A shock serpent skeleton (Geh:7)
  23 orange demons
  4 dire elephant skeletons
  A spiny frog (shapeshifter) (Depths:2)
  21 hellions
  4 rime drakes
  A yaktaur (shapeshifter) (Depths:3)
  A death yak zombie (Crypt:1)
  A spriggan zombie (Depths:1)
  2 rime drakes (shapeshifter)
  12 efreet
  12 komodo dragons
  3 catoblepas zombies
  2 emperor scorpion zombies
  27 hellwings (Pan)
  25 tormentors
  17 demonic crawlers
  38 guardian mummies
  50 yaktaurs
  17 ice devils
  A red draconian skeleton (Pan)
  2 human skeletons
  3 tengu conjurers
  A kobold demonologist (Vaults:1)
  26 freezing wraiths
  3 anaconda simulacra
  A queen bee (Spider:2)
  29 red devils
  A silent spectre (Crypt:1)
  10 trolls
  3 harpy zombies
  20 jumping spiders
  A merfolk (shapeshifter) (Depths:2)
  21 polar bears
  A catoblepas skeleton (Pan)
  A mottled draconian skeleton (Crypt:1)
  9 hydra zombies
  A blink frog (shapeshifter) (Depths:3)
  2 wind drakes (Shoals:4)
  32 merfolk
  13 ushabtiu
  Grinder (D:5)
  A jumping spider (shapeshifter) (Depths:3)
  66 large abominations
  23 two-headed ogres
  4 hydra skeletons
  2 raiju (Lair:8)
  7 fire dragon zombies
  25 blink frogs
  A raiju (shapeshifter) (Vaults:2)
  4 ice dragon zombies
  7 snapping turtles
  7 bog bodies (Coc:7)
  5 alligator zombies
  5 boulder beetles
  7 small abominations
  6 ettin zombies
  A black mamba zombie (Tar:7)
  A vampire (D:12)
  3 alligator skeletons
  3 fire dragon skeletons
  A redback (shapeshifter) (Vaults:4)
  64 redbacks
  66 yaks
  117 flying skulls
  26 wraiths
  23 water elementals
  16 air elementals
  4 ettin skeletons
  3 ice dragon skeletons
  2 yaks (shapeshifter)
  A spriggan (shapeshifter) (Vaults:5)
  26 shadows
  28 ynoxinuls
  41 tarantellas
  2 wyverns
  4 black mamba skeletons
  10 fire elementals
  20 chaos spawn
  A hog (D:12)
  5 basilisks
  2 hungry ghosts
  A basilisk (shapeshifter) (Depths:3)
  17 hippogriffs
  2 hippogriffs (shapeshifter)
  18 vampire mosquitoes
  A yaktaur simulacrum (Vaults:1)
  21 neqoxecs (Pan)
  3 mottled dragons
  42 wolves
  A faun zombie (Crypt:1)
  2 soldier ants (D:11)
  A swamp worm (shapeshifter) (Vaults:5)
  10 wargs
  4 insubstantial wisps (Lair:3)
  An infernal demonspawn skeleton (Crypt:1)
  18 water moccasins
  30 hell hounds
  2 hell hounds (shapeshifter)
  A merfolk zombie (Coc:5)
  2 hydra simulacra
  16 porcupines
  5 spiny frog skeletons
  5 spiny frog zombies
  A torturous demonspawn skeleton (Crypt:1)
  A spectral troll (Crypt:3)
  15 black bears
  31 orc warriors
  A sky beast (shapeshifter) (Depths:3)
  An ettin simulacrum (Depths:1)
  12 ice beasts
  3 snapping turtle zombies
  An ice dragon simulacrum (Coc:5)
  A manticore zombie (Hell)
  4 eyes of draining
  13 necrophages
  5 phantoms
  7 wasps
  2 black bears (shapeshifter)
  46 ogres
  3 sky beasts
  3 boggarts (Depths:3)
  An eye of draining (shapeshifter) (Elf:3)
  A blink frog skeleton (Crypt:2)
  3 human zombies
  A swamp dragon zombie (Geh:1)
  2 manticore skeletons
  19 centaurs
  An elf simulacrum (Vaults:1)
  3 snapping turtle skeletons
  12 crocodiles
  4 elf zombies
  24 giant frogs
  4 big kobolds
  A tengu simulacrum (Depths:1)
  3 earth elementals
  A wyvern zombie (D:13)
  A dryad skeleton (Crypt:2)
  An ogre simulacrum (Vaults:1)
  A wyvern skeleton (D:7)
  18 jellies
  2 scorpions
  A boulder beetle zombie (Vaults:1)
  A snapping turtle simulacrum (Tar:6)
  41 killer bees
  37 wights
  A troll skeleton (Geh:7)
  2 electric eels
  A howler monkey (shapeshifter) (Elf:3)
  7 howler monkeys
  A polar bear skeleton (Crypt:1)
  13 crimson imps
  3 giant frog zombies
  2 quasits (Depths:3)
  12 orc priests
  6 starcursed masses
  4 giant frog skeletons
  17 hounds
  4 centaur skeletons
  23 iron imps
  Crazy Yiuf (D:3)
  11 iguanas
  45 orc wizards
  A hell rat (shapeshifter) (Depths:1)
  11 hell rats
  12 worker ants
  A killer bee zombie (D:6)
  28 sheep
  A big kobold zombie (Crypt:2)
  2 naga zombies
  A naga skeleton (Crypt:1)
  3 hound skeletons
  54 mummies
  A worker ant zombie (D:9)
  3 gnolls (D:7)
  11 adders
  106 river rats
  9 shadow imps
  10 white imps
  2 ufetubi
  14 oozes (Lair:6)
  An adder zombie (D:10)
  3 adder skeletons
  5 worms
  3 ball lightnings (Pan)
  A dart slug (D:3)
  A giant gecko (D:6)
  102 orcs
  3 giant cockroaches
  4 goblins
  5 hobgoblins
  30 jackals
  6 quokkas
  6 bats
  8 giant newts
  A jackal skeleton (D:4)
  31 kobolds
  A kobold skeleton (Coc:6)
  3 kobold zombies
  2 quokka skeletons
  20 rats
  A bush (Lair:1)
  2 crawling corpses (Elf:3)
  A fire vortex (Pan)
  7 fungi
  A lost soul (Crypt:3)
  17 plants
  A starspawn tentacle (Abyss:4)
  6 tentacles
  A tentacle segment (Shoals:4)
4772 creatures vanquished.

Vanquished Creatures (collateral kills)
  2 acid blobs (Slime:6)
  An azure jelly (Slime:6)
  A death ooze (Slime:6)
  A hydra (Lair:8)
  A shining eye (Slime:6)
  An oklob plant (Lair:5)
  A spiny frog (Lair:5)
  A boulder beetle (Lair:8)
  A snapping turtle (Lair:5)
  A slime creature (Slime:6)
  3 yaks
  A hell hound (Depths:4)
  A porcupine (D:8)
  A black bear (shapeshifter) (D:14)
  2 crocodiles (Lair:8)
  A giant frog (D:11)
  A jelly (Slime:6)
  A hell rat (D:8)
  3 river rats
  A rat (D:8)
26 creatures vanquished.

Vanquished Creatures (others)
  2 liches
  4 eldritch tentacles
  A titan (Pan)
  2 deep elf master archers (Elf:3)
  A sphinx (Tomb:1)
  A draconian scorcher (Zig:8)
  2 deep elf elementalists (Elf:3)
  An ironheart preserver (Vaults:2)
  An elemental wellspring (Coc:7)
  A lorocyproca (Pan)
  A blizzard demon (Coc:7)
  2 merfolk javelineers (Shoals:4)
  A deep elf high priest (Elf:3)
  A centaur warrior (Vaults:1)
  2 satyrs (Shoals:4)
  2 deep elf knights
  An anaconda skeleton (Tomb:3)
  2 deep elf archers (Elf:2)
  An anubis guard (Tomb:2)
  A phantasmal warrior (Crypt:3)
  A deep elf mage (Elf:3)
  A cyclops (Shoals:4)
  2 fauns (Shoals:4)
  2 smoke demons (Pan)
  A yaktaur (Vaults:2)
  A hellwing (Pan)
  A merfolk (Shoals:4)
  2 polar bears (IceCv)
  A two-headed ogre (D:12)
  An ice dragon skeleton (Tomb:2)
  13 flying skulls
  2 humans (D:12)
  2 wolves (IceCv)
  A hell hound (Dis:7)
  An orc warrior (Vaults:3)
  2 ogres
  2 centaurs
  A crimson imp (D:12)
  An orc wizard (Orc:2)
  A tengu zombie (Geh:7)
  3 mummies
  5 ball lightnings (Pan)
  A kobold (Bailey)
  A bush (Lair:6)
  368 eldritch tentacle segments
  25 fungi
  2 lost souls (Crypt:3)
  36 plants
  A spectral weapon (Crypt:1)
  A starspawn tentacle (Abyss:4)
  6 starspawn tentacle segments (Abyss:4)
  14 tentacles
  205 tentacle segments
737 creatures vanquished.

Grand Total: 5535 creatures vanquished

Notes
Turn   | Place    | Note
--------------------------------------------------------------
     0 | D:1      | namelastname112 the Draconian Monk began the quest for the Orb.
     0 | D:1      | Reached XP level 1. HP: 19/19 MP: 1/1
   231 | D:1      | Reached XP level 2. HP: 16/26 MP: 2/2
   915 | D:2      | Found a shimmering altar of Xom.
   927 | D:2      | Reached skill level 5 in Unarmed Combat
   927 | D:2      | Reached XP level 3. HP: 29/31 MP: 3/3
  1520 | D:3      | Reached XP level 4. HP: 31/38 MP: 4/4
  2037 | D:3      | Noticed Crazy Yiuf
  2057 | D:3      | Killed Crazy Yiuf
  2240 | D:3      | Reached XP level 5. HP: 43/45 MP: 5/5
  2570 | D:4      | Found an ancient bone altar of Kikubaaqudgha.
  2990 | D:5      | Entered Level 5 of the Dungeon
  3125 | D:5      | Noticed Grinder
  3143 | D:5      | Killed Grinder
  3143 | D:5      | Reached XP level 6. HP: 44/51 MP: 6/6
  3231 | D:5      | Found a sparkling altar of Nemelex Xobeh.
  3316 | D:5      | Noticed a wyvern
  3524 | D:5      | Found a glowing silver altar of Zin.
  3580 | D:5      | Your scales start taking on an icy white colour.
  3580 | D:5      | Reached XP level 7. HP: 57/57 MP: 7/7
  3580 | D:5      | Gained mutation: Your flesh is cold resistant. [White Draconian growth]
  4052 | D:6      | Found a staircase to the Ecumenical Temple.
  4063 | Temple   | Entered the Ecumenical Temple
  4094 | Temple   | Became a worshipper of Makhleb the Destroyer
  4094 | Temple   | Reached * piety under Makhleb
  4094 | Temple   | Reached ** piety under Makhleb
  4182 | D:6      | Found an oddly glowing altar of Pakellas.
  4236 | D:7      | Reached XP level 8. HP: 33/64 MP: 8/8
  4527 | D:7      | HP: 2/96 [orc warrior/war axe (4)]
  4528 | D:7      | Reached skill level 1 in Shields
  4528 | D:7      | Reached skill level 1 in Invocations
  4833 | D:6      | Reached skill level 10 in Unarmed Combat
  4976 | D:5      | HP: 3/66 [orc warrior/glaive (22)]
  5997 | D:7      | Noticed a gargoyle
  6060 | D:7      | Killed a gargoyle
  6060 | D:7      | Reached skill level 5 in Fighting
  6060 | D:7      | Reached XP level 9. HP: 53/74 MP: 11/11
  6291 | D:7      | Found an iron altar of Okawaru.
  6352 | D:7      | Found a blossoming altar of Fedhas.
  6868 | D:7      | Reached *** piety under Makhleb
  7002 | D:8      | Found a bloodstained altar of Trog.
  7220 | D:8      | Found a white marble altar of Elyvilon.
  7588 | D:8      | Reached skill level 1 in Axes
  7689 | D:8      | Found a staircase to the Lair.
  8038 | D:8      | Found a stormy altar of Qazlal.
  8233 | D:8      | Reached **** piety under Makhleb
  8233 | D:8      | Reached skill level 5 in Dodging
  8492 | D:9      | Reached XP level 10. HP: 83/83 MP: 13/13
  8632 | D:9      | Reached skill level 5 in Invocations
  8660 | D:9      | Reached skill level 5 in Shields
  8917 | D:10     | Entered Level 10 of the Dungeon
  9007 | D:10     | Gained mutation: You are resistant to hostile enchantments. [mutagenic meat]
  9008 | D:10     | Gained mutation: You are robust (+10% HP). [mutagenic meat]
  9009 | D:10     | Gained mutation: You have a pair of small horns on your head. [mutagenic meat]
  9028 | D:10     | Noticed a hill giant
  9136 | D:10     | Killed a hill giant
  9136 | D:10     | Reached skill level 5 in Axes
  9137 | D:10     | Reached ***** piety under Makhleb
  9348 | D:10     | Noticed a centaur warrior
  9360 | D:10     | Killed a centaur warrior
  9487 | D:10     | Found a staircase to the Orcish Mines.
  9500 | D:10     | Found a roughly hewn altar of Beogh.
  9624 | D:10     | Noticed a hill giant
  9660 | D:10     | Killed a hill giant
  9854 | D:11     | Reached XP level 11. HP: 101/101 MP: 15/15
  9864 | D:11     | Found Ceocergh's Distillery.
 10406 | D:11     | Noticed a six-headed hydra
 10419 | D:11     | Killed a six-headed hydra
 10838 | D:11     | Noticed a purple ugly thing
 10851 | D:11     | Killed a purple ugly thing
 10946 | D:12     | Noticed a hill giant
 10952 | D:12     | Killed a hill giant
 10976 | D:12     | Noticed Kirke
 10995 | D:12     | Killed Kirke
 11128 | D:12     | Reached ****** piety under Makhleb
 11215 | D:12     | Reached XP level 12. HP: 113/113 MP: 17/17
 11228 | D:12     | Found a flagged portal.
 11238 | Bailey   | Entered a bailey
 11357 | Bailey   | Found a bloodstained altar of Trog.
 12063 | Lair:1   | Entered Level 1 of the Lair of Beasts
 12448 | Lair:1   | Noticed Nergalle
 12466 | Lair:1   | Killed Nergalle
 12543 | Lair:1   | Noticed Gastronok
 12564 | Lair:1   | Killed Gastronok
 12564 | Lair:1   | Reached skill level 10 in Axes
 13710 | Lair:1   | Identified the Disquisition on the Frostbite and Attacks
 14192 | Lair:2   | Noticed a four-headed hydra
 14221 | Lair:2   | Noticed a cacodemon
 14732 | Lair:3   | Reached XP level 13. HP: 123/123 MP: 20/20
 15545 | Lair:4   | Reached skill level 10 in Fighting
 16218 | Lair:4   | Reached skill level 10 in Invocations
 17198 | Lair:5   | Found a staircase to the Shoals.
 17842 | Lair:6   | Found a hole to the Spider Nest.
 18040 | Lair:6   | Found a staircase to the Slime Pits.
 18713 | Lair:6   | Reached XP level 14. HP: 134/134 MP: 22/22
 19123 | Lair:7   | Reached skill level 10 in Shields
 19287 | Lair:7   | Got a pair of fine boots
 19288 | Lair:7   | Identified the cursed +0 pair of boots of Jyihatusch {rElec MP+9} (You found it on level 7 of the Lair of Beasts)
 19702 | Lair:8   | Entered Level 8 of the Lair of Beasts
 19702 | Lair:8   | Found a frozen archway.
 19712 | IceCv    | Entered an ice cave
 19887 | IceCv    | Got a glittering turquoise ring
 19916 | IceCv    | Identified the ring "Nytof" {-Tele +Fly rPois MP+9 Str+5} (You found it in an ice cave)
 20210 | IceCv    | Noticed a frost giant
 20234 | IceCv    | Killed a frost giant
 20752 | Lair:8   | Reached skill level 10 in Dodging
 20834 | Lair:8   | Reached XP level 15. HP: 145/145 MP: 23/23
 21776 | Lair:8   | Identified Fik Jel's Handbook of Intoxication
 22427 | Lair:1   | Learned a level 1 spell: Apportation
 22768 | D:13     | Found Doqa's Jewellery Shop.
 22781 | D:13     | Found a gate to the Vaults.
 22859 | D:13     | Noticed a tengu reaver
 23322 | D:13     | Killed a tengu reaver
 23651 | D:13     | You fall through a shaft for 2 floors!
 23651 | D:15     | Entered Level 15 of the Dungeon
 23651 | D:15     | Noticed Agnes
 23687 | D:14     | Killed Agnes
 23878 | D:14     | Reached skill level 15 in Axes
 23945 | D:14     | Noticed Frances
 23957 | D:14     | Killed Frances
 24096 | D:14     | Noticed Maud
 24110 | D:14     | Killed Maud
 24110 | D:14     | Reached XP level 16. HP: 129/155 MP: 25/25
 24292 | D:14     | Noticed Urug
 24313 | D:14     | Killed Urug
 24693 | D:15     | Found a burning altar of Makhleb.
 25076 | D:15     | Found a staircase to the Depths.
 25545 | Orc:1    | Entered Level 1 of the Orcish Mines
 25545 | Orc:1    | Found Saux's Assorted Antiques.
 25798 | Orc:2    | Entered Level 2 of the Orcish Mines
 25982 | Orc:2    | Found a staircase to the Elven Halls.
 26202 | Orc:2    | Found Vuegruo's Magic Scroll Boutique.
 26277 | Orc:2    | Found an ancient bone altar of Kikubaaqudgha.
 26293 | Orc:2    | Found Emohiaff's Antique Weapon Boutique.
 26306 | Orc:2    | Found a roughly hewn altar of Beogh.
 26306 | Orc:2    | Found Qumnapne's Magic Scroll Boutique.
 26318 | Orc:2    | Noticed Erolcha
 26337 | Orc:2    | Killed Erolcha
 26364 | Orc:2    | Found a radiant altar of Vehumet.
 26381 | Orc:2    | Found Ceus Ped's Book Shop.
 26403 | Orc:2    | Bought 3 scrolls of fear for 157 gold pieces
 26766 | Orc:2    | Bought a scroll of recharging for 142 gold pieces
 26775 | Orc:2    | Bought a manual of Shields for 1324 gold pieces
 26813 | Orc:2    | Bought a scroll of teleportation for 54 gold pieces
 26984 | Elf:1    | Entered Level 1 of the Elven Halls
 27245 | Elf:1    | Found Guriyts's Book Shop.
 27359 | Elf:1    | Identified the Almanac of Evil (You found it on level 1 of the Elven Halls)
 28825 | Elf:2    | Reached XP level 17. HP: 116/166 MP: 27/27
 28846 | Elf:2    | Found a runed gate.
 28846 | Elf:2    | Found a runed gate.
 28848 | Elf:2    | Found a runed gate.
 28948 | Elf:3    | Entered Level 3 of the Elven Halls
 29187 | Elf:3    | Found Muloqi's Distillery.
 29711 | Shoals:1 | Entered Level 1 of the Shoals
 30325 | Shoals:1 | Found Ivuupluk's Magic Scroll Boutique.
 30580 | Shoals:2 | Found Ehaex's Weapon Boutique.
 30996 | Shoals:2 | Found Bais's Gadget Shop.
 31030 | Shoals:2 | Bought a wand of teleportation (1/9) for 270 gold pieces
 31033 | Shoals:2 | Found Ficzih's Antique Weapon Boutique.
 31078 | Shoals:2 | Found Wimauc's Distillery.
 31083 | Shoals:2 | Found Amurphon's Antique Armour Shop.
 31109 | Shoals:2 | Bought a shield for 144 gold pieces
 31471 | Shoals:3 | Noticed Polyphemus
 31495 | Shoals:3 | Killed Polyphemus
 31927 | Shoals:3 | Identified a scroll of acquirement
 32270 | Shoals:4 | Entered Level 4 of the Shoals
 33379 | Shoals:4 | Noticed Aizul
 33392 | Shoals:4 | Killed Aizul
 33428 | Shoals:4 | Reached XP level 18. HP: 178/178 MP: 28/28
 33671 | Shoals:4 | Got a barnacled rune of Zot
 33673 | Shoals:4 | Got a twisted hat
 33674 | Shoals:4 | Identified the +1 hat of Teta {Dex+3 Slay+3} (You found it on level 4 of the Shoals)
 33733 | Shoals:4 | Reached skill level 15 in Fighting
 34150 | Shoals:4 | Noticed Ilsuiw
 34239 | Shoals:4 | Killed Ilsuiw
 34542 | Spider:1 | Entered Level 1 of the Spider Nest
 35601 | Spider:2 | Reached skill level 15 in Shields
 35764 | Spider:3 | Noticed Arachne
 35789 | Spider:3 | Killed Arachne
 36312 | Spider:4 | Entered Level 4 of the Spider Nest
 36444 | Spider:4 | Noticed Mara
 36455 | Spider:4 | Reached skill level 15 in Invocations
 36483 | Spider:4 | Noticed namelastname112's illusion
 36485 | Spider:4 | Killed Mara
 36485 | Spider:4 | Reached XP level 19. HP: 187/187 MP: 30/30
 37295 | Spider:4 | Got a gossamer rune of Zot
 37887 | Vaults:1 | Entered Level 1 of the Vaults
 38826 | Vaults:2 | Found Nufreo's Armour Shoppe.
 38845 | Vaults:2 | Noticed a Brimstone Fiend
 39281 | Vaults:2 | Reached XP level 20. HP: 198/200 MP: 31/31
 40346 | Vaults:3 | Found a staircase to the Crypt.
 40494 | Vaults:3 | Found Ducid's General Store.
 40509 | Vaults:3 | Bought 2 potions of curing for 90 gold pieces
 40594 | Vaults:3 | Noticed Azzok's ghost (adept DDFi)
 40689 | Vaults:3 | Killed Azzok's ghost
 42091 | Vaults:4 | Reached XP level 21. HP: 210/210 MP: 33/33
 43758 | Elf:3    | Got a vibrating tin ring
 43759 | Elf:3    | Identified the ring "Tineats" {Ice Str+5} (You found it on level 3 of the Elven Halls)
 43803 | Elf:3    | Identified the Disquisition on Frigorific Attacks (You found it on level 3 of the Elven Halls)
 44230 | Depths:1 | Entered Level 1 of the Depths
 44239 | Depths:1 | Reached skill level 1 in Throwing
 44483 | Depths:1 | Found a gateway to Hell.
 44632 | Depths:1 | Found a one-way gate to the infinite horrors of the Abyss.
 44722 | Depths:1 | Reached skill level 5 in Throwing
 44839 | Depths:1 | Noticed Norris
 44868 | Depths:1 | Killed Norris
 45606 | Depths:2 | Reached XP level 22. HP: 217/221 MP: 34/34
 45682 | Depths:2 | Found a one-way gate leading to the halls of Pandemonium.
 46539 | Depths:3 | Reached skill level 15 in Dodging
 46582 | Depths:3 | Reached skill level 10 in Throwing
 46629 | Depths:3 | Got an ancient hat
 46630 | Depths:3 | Identified the +1 hat "Biraot" {Str+4 SInv} (You found it on level 3 of the Depths)
 46675 | Depths:3 | Noticed a golden dragon
 46692 | Depths:3 | Killed a golden dragon
 46965 | Depths:3 | Identified the Papyrus of Destructive Heat
 47244 | Depths:3 | Identified the Tome of Good Luck
 47255 | Depths:3 | Found a gateway to a ziggurat.
 47822 | Depths:4 | Noticed a juggernaut
 47851 | Depths:4 | Killed a juggernaut
 47933 | Depths:4 | Reached XP level 23. HP: 232/232 MP: 35/35
 48014 | Depths:4 | Found a snail-covered altar of Cheibriados.
 48035 | Depths:4 | Reached XP level 24. HP: 239/239 MP: 35/35
 48037 | Depths:4 | Identified the Collected Works on Talismans (You found it on level 4 of the Depths)
 48043 | Depths:4 | Learned a level 3 spell: Regeneration
 48044 | Depths:4 | Got a dazzling hat
 48045 | Depths:4 | Identified the +3 hat of Hysteria {Str+5 Dex+2} (You found it on level 4 of the Depths)
 49103 | Depths:5 | Entered Level 5 of the Depths
 49118 | Depths:5 | Noticed Xtahua
 49135 | Depths:5 | Killed Xtahua
 49222 | Depths:5 | Noticed Margery
 49249 | Depths:5 | Killed Margery
 49293 | Depths:5 | Noticed the Enchantress
 49295 | Depths:5 | Noticed a juggernaut
 49315 | Depths:5 | Cast into level 4 of the Abyss (the Enchantress)
 49320 | Abyss:4  | Found a corrupted altar of Lugonu.
 49366 | Abyss:4  | Found a corrupted altar of Lugonu.
 49385 | Abyss:4  | Got an abyssal rune of Zot
 49435 | Abyss:4  | Found a corrupted altar of Lugonu.
 49506 | Depths:5 | Escaped the Abyss
 49679 | Depths:5 | Noticed Boris
 49699 | Depths:5 | Killed Boris
 49874 | Depths:5 | Noticed an ancient lich
 49895 | Depths:5 | Killed an ancient lich
 50068 | Depths:5 | Found a gate to the Realm of Zot.
 50403 | Depths:5 | Killed a juggernaut
 50724 | Depths:5 | Killed the Enchantress
 50739 | Depths:5 | Noticed an iron giant
 50749 | Depths:5 | Killed an iron giant
 50843 | Depths:4 | Reached XP level 25. HP: 250/250 MP: 35/35
 51152 | Vaults:5 | Entered Level 5 of the Vaults
 51390 | Vaults:5 | Noticed Sojobo
 51438 | Vaults:5 | Killed Sojobo
 51460 | Vaults:5 | Reached skill level 15 in Throwing
 51479 | Vaults:5 | Noticed Saint Roka
 51525 | Vaults:5 | Noticed an ancient lich
 51532 | Vaults:5 | Killed Saint Roka
 51782 | Vaults:5 | Reached skill level 1 in Spellcasting
 51782 | Vaults:5 | Reached skill level 1 in Charms
 51782 | Vaults:5 | Reached skill level 1 in Translocations
 52064 | Vaults:5 | Killed an ancient lich
 52114 | Vaults:5 | Reached skill level 5 in Translocations
 52237 | Vaults:5 | Noticed an ancient lich
 52256 | Vaults:5 | Killed an ancient lich
 52256 | Vaults:5 | Reached skill level 5 in Spellcasting
 52256 | Vaults:5 | Reached XP level 26. HP: 130/261 MP: 35/35
 52446 | Vaults:5 | Found Fiypp's Book Shoppe.
 52554 | Vaults:5 | Got a smoking marble ring
 52555 | Vaults:5 | Identified the ring "Ofabroif" {rCorr rF+ MR++} (You found it on level 5 of the Vaults)
 52714 | Vaults:5 | Reached skill level 5 in Charms
 52720 | Vaults:5 | Identified the Almanac of Combat Magic
 53220 | Vaults:5 | Got a silver rune of Zot
 53236 | Vaults:5 | Identified Eleushob's Guide on Blistering Confrontation
 53815 | Slime:1  | Entered Level 1 of the Pits of Slime
 53822 | Slime:1  | Reached skill level 5 in Stealth
 53932 | Slime:2  | Found a viscous altar of Jiyva.
 53932 | Slime:2  | Gained mutation: You evolve. [a shining eye]
 54048 | Slime:6  | Entered Level 6 of the Pits of Slime
 54144 | Slime:6  | Found a viscous altar of Jiyva.
 54146 | Slime:6  | Noticed the Royal Jelly
 54176 | Slime:6  | Killed the Royal Jelly
 54249 | Slime:6  | Gained mutation: Your body sometimes deteriorates upon taking damage. [a shining eye]
 54296 | Slime:6  | Got a scorched lapis lazuli ring
 54297 | Slime:6  | Identified the ring of Duezing {SustAt +Inv rC+} (You found it on level 6 of the Pits of Slime)
 54310 | Slime:6  | Got a slimy rune of Zot
 54367 | Slime:6  | Got a pair of spiked gloves
 54369 | Slime:6  | Identified the Volume of Battle Magic and the Blaze
 54370 | Slime:6  | Identified the +2 pair of gloves "Peaqigy" {rC+ Regen+} (You found it on level 6 of the Pits of Slime)
 54433 | Slime:6  | Identified Aloam's Incunabulum of Mutagenic Enhancements
 54717 | Lair:1   | Learned a level 3 spell: Spectral Weapon
 54724 | Lair:1   | Learned a level 5 spell: Silence
 54731 | Lair:1   | Learned a level 6 spell: Deflect Missiles
 54980 | Vaults:2 | Reached skill level 1 in Air Magic
 55071 | Crypt:1  | Entered Level 1 of the Crypt
 56148 | Crypt:1  | Noticed an ancient lich
 56163 | Crypt:1  | Killed an ancient lich
 56163 | Crypt:1  | Reached skill level 10 in Stealth
 56190 | Crypt:1  | Identified Neunkani's Grimoire of Confrontation and Displacement
 56194 | Crypt:1  | Learned a level 2 spell: Blink
 56296 | Crypt:1  | Reached skill level 5 in Air Magic
 56472 | Crypt:2  | Found an ancient bone altar of Kikubaaqudgha.
 56744 | Crypt:2  | Lost mutation: Your body sometimes deteriorates upon taking damage. [evolution]
 57206 | Crypt:2  | Reached XP level 27. HP: 270/270 MP: 35/35
 57388 | Crypt:3  | Entered Level 3 of the Crypt
 57671 | Crypt:3  | Found an ancient bone altar of Kikubaaqudgha.
 58221 | Crypt:3  | Identified the Incunabulum of Stolen Souls (You found it on level 3 of the Crypt)
 58309 | Crypt:3  | Found a staircase to the Tomb.
 58309 | Crypt:3  | Noticed an ancient lich
 58332 | Crypt:3  | Killed an ancient lich
 58379 | Crypt:3  | Got a warped marble ring
 58379 | Crypt:3  | Got a coiled pewter ring
 58382 | Crypt:3  | Identified the ring "Teshridyt" {rPois rN+ Dex+3 SInv Stlth+} (You found it on level 3 of the Crypt)
 58384 | Crypt:3  | Identified the ring "Wiusaz" {rN+ MP+9 Int+5} (You found it on level 3 of the Crypt)
 58651 | Crypt:1  | Reached skill level 10 in Charms
 58998 | Zig:1    | Entered Level 1 of a ziggurat
 59035 | Zig:2    | Entered Level 2 of a ziggurat
 59070 | Zig:3    | Entered Level 3 of a ziggurat
 59098 | Zig:4    | Entered Level 4 of a ziggurat
 59131 | Zig:5    | Entered Level 5 of a ziggurat
 59150 | Zig:5    | Reached skill level 10 in Air Magic
 59179 | Zig:6    | Entered Level 6 of a ziggurat
 59208 | Zig:6    | Reached skill level 10 in Spellcasting
 59296 | Zig:7    | Entered Level 7 of a ziggurat
 59351 | Zig:7    | Got a transparent copper ring
 59352 | Zig:7    | Identified the ring of Pekhoac {Fire rPois rN++} (You found it on level 7 of a ziggurat)
 59356 | Zig:7    | Gained mutation: Your mind is acute. (Int +2) [potion of beneficial mutation]
 59363 | Zig:8    | Entered Level 8 of a ziggurat
 59446 | Zig:8    | Identified the Papyrus of Enhancements
 59459 | Zig:8    | Got a ring of the Octopus King
 59461 | Zig:8    | Identified a ring of the Octopus King {AC+1 EV+1 Str+1 Int+1 Dex+1 Stlth+} (You found it on level 8 of a ziggurat)
 59468 | Zig:9    | Entered Level 9 of a ziggurat
 59477 | Zig:9    | Noticed Joajiquibi the pandemonium lord
 59785 | Zot:1    | Entered Level 1 of the Realm of Zot
 62370 | Zot:3    | Reached skill level 1 in Hexes
 62709 | Zot:3    | Identified the Disquisition on the Snowflakes
 63761 | Zot:5    | Entered Level 5 of the Realm of Zot
 63818 | Zot:5    | Reached skill level 15 in Air Magic
 63821 | Zot:5    | Reached skill level 5 in Hexes
 65245 | Crypt:1  | Learned a level 3 spell: Portal Projectile
 65427 | Tomb:1   | Entered Level 1 of the Tomb of the Ancients
 65569 | Tomb:1   | Noticed Boris
 65596 | Tomb:1   | Killed Boris
 65943 | Tomb:1   | Reached skill level 1 in Necromancy
 66144 | Tomb:1   | Noticed a greater mummy
 66163 | Tomb:1   | Killed a greater mummy
 66219 | Tomb:1   | Noticed a greater mummy
 66244 | Tomb:1   | Killed a greater mummy
 66458 | Tomb:2   | Noticed a greater mummy
 66458 | Tomb:2   | Noticed a greater mummy
 66459 | Tomb:2   | Noticed a greater mummy
 66460 | Tomb:2   | Noticed a greater mummy
 66875 | Tomb:1   | Killed a greater mummy
 66976 | Tomb:1   | Killed a greater mummy
 67057 | Tomb:1   | Killed a greater mummy
 67185 | Tomb:1   | Killed a greater mummy
 67687 | Tomb:1   | Noticed a greater mummy
 67688 | Tomb:1   | Noticed a greater mummy
 67688 | Tomb:1   | Noticed a greater mummy
 67691 | Tomb:1   | Noticed a greater mummy
 67703 | Tomb:2   | Killed a greater mummy
 67724 | Tomb:1   | Noticed a greater mummy
 67724 | Tomb:1   | Noticed a greater mummy
 67746 | Tomb:2   | Killed a greater mummy
 67816 | Tomb:2   | Killed a greater mummy
 68063 | Tomb:2   | Killed a greater mummy
 68096 | Tomb:1   | Noticed a greater mummy
 68097 | Tomb:1   | Killed a greater mummy
 68122 | Tomb:1   | Killed a greater mummy
 68127 | Tomb:1   | Killed a greater mummy
 68243 | Tomb:1   | Noticed a greater mummy
 68266 | Tomb:1   | Killed a greater mummy
 68421 | Tomb:1   | Noticed a greater mummy
 68441 | Tomb:1   | Killed a greater mummy
 68496 | Tomb:1   | Noticed a greater mummy
 68497 | Tomb:1   | Noticed a greater mummy
 68498 | Tomb:1   | Noticed a greater mummy
 68565 | Tomb:1   | Killed a greater mummy
 68574 | Tomb:1   | Killed a greater mummy
 68646 | Tomb:1   | Noticed a greater mummy
 68649 | Tomb:1   | Noticed a greater mummy
 68677 | Tomb:1   | Killed a greater mummy
 68730 | Tomb:1   | Killed a greater mummy
 68862 | Tomb:1   | Noticed a greater mummy
 68885 | Tomb:1   | Killed a greater mummy
 68906 | Tomb:1   | Killed a greater mummy
 69080 | Tomb:3   | Entered Level 3 of the Tomb of the Ancients
 69124 | Tomb:3   | Noticed a greater mummy
 69136 | Tomb:3   | Noticed a greater mummy
 69356 | Tomb:3   | Noticed a greater mummy
 69357 | Tomb:3   | Noticed a greater mummy
 69484 | Tomb:2   | Killed a greater mummy
 69554 | Tomb:2   | Killed a greater mummy
 69563 | Tomb:2   | Killed a greater mummy
 69653 | Tomb:3   | Killed a greater mummy
 69679 | Tomb:3   | Noticed Mennas
 69756 | Tomb:3   | Killed Mennas
 69825 | Tomb:3   | Noticed a greater mummy
 69935 | Tomb:3   | Killed a greater mummy
 69946 | Tomb:3   | Noticed a greater mummy
 69977 | Tomb:3   | Killed a greater mummy
 69997 | Tomb:3   | Noticed a greater mummy
 70016 | Tomb:3   | Killed a greater mummy
 70082 | Tomb:3   | Gained mutation: Your tail ends in a poisonous barb. [evolution]
 70324 | Tomb:3   | Noticed a greater mummy
 70325 | Tomb:3   | Noticed a greater mummy
 70343 | Tomb:3   | Killed a greater mummy
 70348 | Tomb:3   | Killed a greater mummy
 70376 | Tomb:3   | Got a golden rune of Zot
 70491 | Tomb:3   | Identified the Grimoire of Ensnaring Damage Dealing
 70499 | Tomb:3   | Identified Vehumet's Incunabulum of Conjuration
 70502 | Tomb:3   | Got a transparent brass amulet
 70503 | Tomb:3   | Identified the amulet "Xuzaij" {Faith rElec rPois Int-5 SInv} (You found it on level 3 of the Tomb of the Ancients)
 70507 | Tomb:3   | Got a shimmering ivory ring
 70508 | Tomb:3   | Identified the ring "Zoaxor" {+Fly rC- MP+9 Str+6 Dex-4} (You found it on level 3 of the Tomb of the Ancients)
 70531 | Tomb:3   | Got a scintillating jade ring
 70532 | Tomb:3   | Identified the ring of Mistrust {rPois rF- Int+3 Slay+3 Stlth-} (You found it on level 3 of the Tomb of the Ancients)
 70550 | Tomb:3   | Identified the Tome of Yeast
 70627 | Tomb:3   | Got a warped large shield
 70628 | Tomb:3   | Identified the +8 large shield of Illix {rPois rC+ Regen+} (You took it off Mennas on level 3 of the Tomb of the Ancients)
 71662 | Hell     | Entered the Vestibule of Hell
 71662 | Hell     | Noticed Geryon
 71959 | Hell     | Killed Geryon
 72042 | Hell     | Found a gateway to the ashen valley of Gehenna.
 72168 | Hell     | Found a gateway to the Iron City of Dis.
 72245 | Hell     | Found a gateway to the freezing wastes of Cocytus.
 72407 | Hell     | Found a gateway to the decaying netherworld of Tartarus.
 72656 | Pan      | Entered Pandemonium
 72766 | Pan      | Noticed Morivao the pandemonium lord
 72782 | Pan      | Killed Morivao the pandemonium lord
 72801 | Pan      | Noticed Aghonel the pandemonium lord
 73027 | Pan      | Noticed Nogg the pandemonium lord
 73032 | Pan      | Cast into level 3 of the Abyss (Nogg)
 73081 | Pan      | Escaped the Abyss
 73094 | Pan      | Found an exit through the horrors of the Abyss.
 73177 | Pan      | namelastname112: че как
 73223 | Pan      | xeno23: да норм
 73268 | Pan      | xeno23: вообще это позорно
 73311 | Pan      | xeno23: начинать монком и потом бегать с оружием
 73314 | Pan      | xeno23: фу
 73316 | Pan      | namelastname112: бля
 73316 | Pan      | namelastname112: я аргу нашел на д8
 73316 | Pan      | namelastname112: или типа того
 73345 | Pan      | Noticed Voinun the pandemonium lord
 73372 | Pan      | Killed Voinun the pandemonium lord
 73437 | Pan      | Gained mutation: Your body sometimes deteriorates upon taking damage. [a cacodemon]
 73449 | Pan      | xeno23: что в нем такого крутого
 73457 | Pan      | namelastname112: ну
 73457 | Pan      | namelastname112: броад акс оф спид
 73457 | Pan      | namelastname112: +8
 73457 | Pan      | xeno23: это же просто броад акс с средненьким брендом
 73457 | Pan      | namelastname112: че плохого
 73640 | Pan      | Noticed Impoukhlu the pandemonium lord
 73657 | Pan      | Lost mutation: Your mind is acute. (Int +2) [a neqoxec]
 73666 | Pan      | Killed Impoukhlu the pandemonium lord
 73890 | Pan      | Found an exit through the horrors of the Abyss.
 73946 | Pan      | namelastname112: ммм
 73959 | Pan      | xeno23: en garde!
 73966 | Pan      | Noticed Nuunuw the pandemonium lord
 73995 | Pan      | xeno23: эм
 73995 | Pan      | namelastname112: да заебал
 73995 | Pan      | namelastname112: че он хэллфаерит
 73995 | Pan      | xeno23: хелфайр бьет 3д20
 73999 | Pan      | xeno23: может на 60 ебнуть
 74195 | Pan      | Found an exit through the horrors of the Abyss.
 74366 | Pan      | namelastname112: бля
 74366 | Pan      | namelastname112: забыл торнадо выучить
 74415 | Pan      | Found an exit through the horrors of the Abyss.
 74424 | Pan      | Took an exit into the Abyss.
 74424 | Abyss:1  | Escaped into the Abyss
 74451 | Depths:2 | Escaped the Abyss
 74627 | Lair:1   | Learned a level 9 spell: Tornado
 74652 | Lair:1   | Learned a level 8 spell: Controlled Blink
 74828 | Pan      | Entered Pandemonium
 75072 | Pan      | Found an exit through the horrors of the Abyss.
 75652 | Pan      | Found a huge runed gate.
 75659 | Pan      | Noticed Souhyevi the pandemonium lord
 75710 | Pan      | Killed Souhyevi the pandemonium lord
 75986 | Pan      | Noticed Ethrech the pandemonium lord
 75992 | Pan      | namelastname112: лол
 75992 | Pan      | namelastname112: прикольный волт
 76187 | Pan      | Noticed Zaol the pandemonium lord
 76255 | Pan      | Killed Zaol the pandemonium lord
 76370 | Pan      | xeno23: я проебал
 76386 | Pan      | Gained mutation: You tend to lose your temper in combat. [a cacodemon]
 76387 | Pan      | xeno23: 38%
 76428 | Pan      | xeno23: ты его к концу игры разве что выучишь
 76428 | Pan      | xeno23: с 11 инты лол
 76428 | Pan      | namelastname112: ну и ладно
 76428 | Pan      | namelastname112: лол
 76428 | Pan      | namelastname112: я и с 9 учил
 76428 | Pan      | namelastname112: и ниче
 76432 | Pan      | Entered the realm of Lom Lobon.
 76432 | Pan      | Noticed Lom Lobon
 76433 | Pan      | xeno23: привет лом
 76433 | Pan      | namelastname112: блять
 76433 | Pan      | namelastname112: удобно нахуй
 76433 | Pan      | namelastname112: че еще сказать
 76466 | Pan      | Killed Lom Lobon
 76511 | Pan      | Got a magical rune of Zot
 76829 | Pan      | Found an exit through the horrors of the Abyss.
 76900 | Pan      | Lost mutation: You have a pair of small horns on your head. [potion of cure mutation]
 76900 | Pan      | Lost mutation: You are resistant to hostile enchantments. [potion of cure mutation]
 76900 | Pan      | Lost mutation: You evolve. [potion of cure mutation]
 76900 | Pan      | Lost mutation: You tend to lose your temper in combat. [potion of cure mutation]
 76900 | Pan      | Lost mutation: Your tail ends in a poisonous barb. [potion of cure mutation]
 76900 | Pan      | Lost mutation: Your body sometimes deteriorates upon taking damage. [potion of cure mutation]
 77053 | Pan      | Found an exit through the horrors of the Abyss.
 77313 | Pan      | Noticed Kenigi the pandemonium lord
 77341 | Pan      | Killed Kenigi the pandemonium lord
 77367 | Pan      | jacquesderrida: deng
 77498 | Pan      | Reached skill level 10 in Translocations
 77712 | Pan      | Found an exit through the horrors of the Abyss.
 77771 | Pan      | Gained mutation: You occasionally shout uncontrollably at your foes. [a cacodemon]
 77774 | Pan      | Gained mutation: Your body sometimes deteriorates upon taking damage. [a cacodemon]
 77830 | Pan      | namelastname112: о
 77830 | Pan      | namelastname112: вот и демоник руна
 77885 | Pan      | xeno23: пришло время жрать быков
 78343 | Pan      | Noticed a seraph
 78343 | Pan      | namelastname112: лол
 78343 | Pan      | namelastname112: то есть я вот хлебу молюсь
 78343 | Pan      | namelastname112: я больше дамага словлю
 78343 | Pan      | namelastname112: прикольно
 78343 | Pan      | namelastname112: не знал
 78378 | Pan      | Killed a seraph
 78410 | Pan      | xeno23: с чего ты взял?
 78410 | Pan      | namelastname112: лол, сераф инжури бонд скастовл и сдох
 78410 | Pan      | namelastname112: ну
 78410 | Pan      | namelastname112: на облаке написан
 78410 | Pan      | namelastname112: написано*
 78410 | Pan      | namelastname112: ща, если будут еще офаны
 78410 | Pan      | namelastname112: покажу
 78414 | Pan      | Found a glowing golden altar of the Shining One.
 78448 | Pan      | xeno23: ох воу
 78448 | Pan      | namelastname112: сам охуел
 78464 | Pan      | xeno23: ну кстати вот гуманоидные мобы, которые типа плохим богам служат
 78471 | Pan      | Got a slimy shield
 78472 | Pan      | Identified the cursed -2 shield of the Will of the Gods {rElec} (You found it in Pandemonium)
 78473 | Pan      | xeno23: тоже урон от серебра бонусный получают
 78478 | Pan      | xeno23: уники всякие
 78480 | Pan      | Got a demonic rune of Zot
 78496 | Pan      | namelastname112: разве?
 78496 | Pan      | xeno23: ну
 78496 | Pan      | namelastname112: серебро ж по хаотик
 78496 | Pan      | xeno23: астерион там
 78496 | Pan      | namelastname112: и анклин
 78496 | Pan      | namelastname112: ну
 78496 | Pan      | namelastname112: астерион получает потому что он минотавр
 78496 | Pan      | xeno23: крейзи Йифф
 78496 | Pan      | namelastname112: да ладно?
 78496 | Pan      | xeno23: ну минотавры не демоны же лол
 78496 | Pan      | xeno23: просто коровы
 78496 | Pan      | namelastname112: в натуре
 78496 | Pan      | namelastname112: типа он хаотик
 78496 | Pan      | namelastname112: лол
 78496 | Pan      | namelastname112: поехавший гнолл
 78496 | Pan      | xeno23: надо как нибудь за CK его найти
 78496 | Pan      | xeno23: говорят, тогда он будет не хуйню нести а всякие годные цитаты
 78496 | Pan      | namelastname112: да конфузни его просто
 78496 | Pan      | namelastname112: эффект тот же будет
 78496 | Pan      | xeno23: лол
 79274 | Pan      | Found a glowing silver altar of Zin.
 79364 | Pan      | xeno23: пиздатые палки
 79389 | Pan      | namelastname112: ага
 79389 | Pan      | namelastname112: девы там сидят блять
 79389 | Pan      | namelastname112: вандами друг друга щекочат
 79389 | Pan      | namelastname112: и тут я заваливаюсь
 79676 | Pan      | Entered the realm of Gloorx Vloq.
 79807 | Pan      | Found an exit through the horrors of the Abyss.
 80286 | Pan      | Reached skill level 27 in Air Magic
 80564 | Pan      | Noticed Gloorx Vloq
 80864 | Pan      | Killed Gloorx Vloq
 80875 | Pan      | xeno23: бля
 80903 | Pan      | Got a dark rune of Zot
 80922 | Pan      | xeno23: я же недавно разглядел тайл мнолег
 80930 | Pan      | namelastname112: лол
 80930 | Pan      | namelastname112: поди думал
 80930 | Pan      | xeno23: я то думал там зеленая параша с щупальцами
 80930 | Pan      | namelastname112: что это хуйня с тентаклями
 80930 | Pan      | namelastname112: ага
 80930 | Pan      | namelastname112: вот и я так думал
 80930 | Pan      | namelastname112: а это клоун ебаный
 80930 | Pan      | namelastname112: на голове стоит
 80936 | Pan      | xeno23: как то глупо это
 81009 | Pan      | namelastname112: почему?
 81009 | Pan      | namelastname112: пальцы вот летающие не глупо
 81009 | Pan      | namelastname112: початки тоже
 81051 | Pan      | Entered the realm of Mnoleg.
 81051 | Pan      | Found an exit through the horrors of the Abyss.
 81052 | Pan      | xeno23: ну пальцы это норм, мрачно так
 81160 | Pan      | Gained mutation: Your body often deteriorates upon taking damage. [a neqoxec]
 81237 | Pan      | Gained mutation: You are dopey. (Int -2) [a neqoxec]
 81246 | Pan      | Gained mutation: You are weak. (Str -2) [a neqoxec]
 81261 | Pan      | Gained mutation: You expend magic power (3 MP) to strengthen your wands. [a neqoxec]
 81267 | Pan      | Gained mutation: You tend to lose your temper in combat. [a neqoxec]
 81315 | Pan      | xeno23: тем более это же пан
 81317 | Pan      | Noticed Mnoleg
 81320 | Pan      | xeno23: место с демонами
 81324 | Pan      | xeno23: а там какое-то хуйло в клоунском наряде
 81393 | Pan      | Killed Mnoleg
 81423 | Pan      | Got a glowing rune of Zot
 81557 | Pan      | Reached skill level 15 in Spellcasting
 81580 | Pan      | Gained mutation: You are clumsy. (Dex -2) [a cacodemon]
 81641 | Pan      | Lost mutation: Your body often deteriorates upon taking damage. [potion of cure mutation]
 81641 | Pan      | Lost mutation: Your body sometimes deteriorates upon taking damage. [potion of cure mutation]
 81641 | Pan      | Lost mutation: You occasionally shout uncontrollably at your foes. [potion of cure mutation]
 81642 | Pan      | Lost mutation: You tend to lose your temper in combat. [potion of cure mutation]
 81642 | Pan      | Lost mutation: You expend magic power (3 MP) to strengthen your wands. [potion of cure mutation]
 81642 | Pan      | Lost mutation: You are weak. (Str -2) [potion of cure mutation]
 81642 | Pan      | Lost mutation: You are clumsy. (Dex -2) [potion of cure mutation]
 81873 | Pan      | Found an exit through the horrors of the Abyss.
 82240 | Pan      | Found an exit through the horrors of the Abyss.
 82396 | Pan      | Entered the realm of Cerebov.
 82439 | Pan      | Found an exit through the horrors of the Abyss.
 82672 | Pan      | Noticed Cerebov
 82728 | Pan      | Killed Cerebov
 82794 | Pan      | Identified Leps's Tome of Mutagenic Unholy Secrets
 82878 | Pan      | Identified Sif Muna's Disquisition on Cold and Battle Magic
 82882 | Pan      | Got a heavily runed iron amulet
 82883 | Pan      | Identified the amulet of Jeteps {Gourm rElec rF- rN+ Int+2} (You found it in Pandemonium)
 82937 | Pan      | Got a fiery rune of Zot
 83044 | Pan      | Took an exit into the Abyss.
 83044 | Abyss:1  | Escaped into the Abyss
 83217 | Depths:2 | Escaped the Abyss
 83273 | Dis:1    | Entered Level 1 of the Iron City of Dis
 83585 | Dis:2    | namelastname112: лол блять
 83585 | Dis:2    | namelastname112: что за хранилище трупов
 84653 | Dis:7    | Entered Level 7 of the Iron City of Dis
 84692 | Dis:7    | Reached skill level 15 in Translocations
 84888 | Dis:7    | namelastname112: ,kznm
 84888 | Dis:7    | xeno23: что
 84888 | Dis:7    | namelastname112: блять
 84888 | Dis:7    | namelastname112: как же охуенно с хлебом
 84888 | Dis:7    | namelastname112: стоишь себе в толпе
 84888 | Dis:7    | namelastname112: топором машешь
 84888 | Dis:7    | namelastname112: и вообще поебать
 84888 | Dis:7    | xeno23: ну это один из самых детских богов
 84888 | Dis:7    | xeno23: типа трога
 84888 | Dis:7    | namelastname112: детских
 84888 | Dis:7    | namelastname112: лол
 84888 | Dis:7    | namelastname112: а какой недетский?
 84888 | Dis:7    | namelastname112: козел?
 84888 | Dis:7    | xeno23: ну там аш
 84926 | Dis:7    | xeno23: дитх тот же
 84943 | Dis:7    | xeno23: эви
 84943 | Dis:7    | xeno23: тсо
 84943 | Dis:7    | namelastname112: ну дис изи
 84991 | Dis:7    | xeno23: но за него всеравно думать надо
 84991 | Dis:7    | namelastname112: видал блять
 84991 | Dis:7    | xeno23: пиздец тебя кидают
 84991 | Dis:7    | namelastname112: как он меня кинул
 84991 | Dis:7    | namelastname112: пидорас
 84991 | Dis:7    | namelastname112: ас игнорит этой хуйней
 84991 | Dis:7    | namelastname112: там бесит
 84994 | Dis:7    | xeno23: ты бы сваливал
 84994 | Dis:7    | namelastname112: ну он охуел там чтоль
 85140 | Dis:7    | xeno23: у меня же еще GrEE живой есть
 85140 | Dis:7    | namelastname112: сука
 85140 | Dis:7    | namelastname112: еще один
 85140 | Dis:7    | namelastname112: лол
 85140 | Dis:7    | namelastname112: я думал ты его закончил давно
 85140 | Dis:7    | namelastname112: или умер
 85140 | Dis:7    | xeno23: ща выиграю
 85165 | Dis:7    | xeno23: и будет тройной страк
 85174 | Dis:7    | xeno23: стрик
 85174 | Dis:7    | namelastname112: ну ты посмотри на это говно
 85174 | Dis:7    | xeno23: лел
 85174 | Dis:7    | namelastname112: он меня кидает блять как мячик ебаный
 85178 | Dis:7    | xeno23: тебя просто сейчас хэлфаером выебут
 85180 | Dis:7    | namelastname112: опа
 85198 | Dis:7    | xeno23: вот так
 85201 | Dis:7    | namelastname112: ненавижу дис
 85201 | Dis:7    | namelastname112: сука
 85201 | Dis:7    | namelastname112: как же ненавижу
 85244 | Dis:7    | xeno23: ну вот как гигантов добавили
 85251 | Dis:7    | xeno23: он жесткий стал
 85325 | Dis:7    | namelastname112: а ты говорил, что они хуйня
 85376 | Dis:7    | xeno23: я такого не говорил
 85410 | Dis:7    | xeno23: меня самого как суку кидали они
 85508 | Dis:7    | Reached skill level 27 in Axes
 85655 | Dis:7    | Noticed Dispater
 85657 | Dis:7    | namelastname112: ммм
 85657 | Dis:7    | namelastname112: а вот и петушок подъехал
 85657 | Dis:7    | xeno23: вот смотри
 85659 | Dis:7    | xeno23: этот хуй вообще иммунен к стихиям
 85660 | Dis:7    | namelastname112: ну
 85660 | Dis:7    | namelastname112: как иммунен
 85660 | Dis:7    | xeno23: ну к колду нет
 85660 | Dis:7    | namelastname112: колд только резистит
 85675 | Dis:7    | xeno23: почему магов так унижают
 85700 | Dis:7    | Killed Dispater
 85783 | Dis:7    | Got an iron rune of Zot
 85787 | Dis:7    | namelastname112: лол
 85787 | Dis:7    | namelastname112: как их унижают?
 85787 | Dis:7    | xeno23: тебе и так качать к файту несколько школ, спеллкаст и прочее
 85802 | Dis:7    | xeno23: а милишнику только вепон
 85813 | Dis:7    | namelastname112: ну блять
 85813 | Dis:7    | xeno23: да и то до минделея
 85813 | Dis:7    | namelastname112: зато ты с расстояния ебешь все в хуй
 85813 | Dis:7    | namelastname112: и в личе бесишься
 85830 | Dis:7    | xeno23: а тут еще приходится учить сразу кучу школ чтоб не сосать у имунных
 86010 | Tar:1    | Entered Level 1 of Tartarus
 86011 | Tar:1    | namelastname112: ну бля
 86011 | Tar:1    | namelastname112: можешь просто основную школу быстро добить
 86011 | Tar:1    | namelastname112: если апта не говно
 86011 | Tar:1    | namelastname112: и все
 86128 | Tar:2    | xeno23: ну вот файр добил - половина мобов имунные
 86176 | Tar:2    | namelastname112: ну блять
 86176 | Tar:2    | namelastname112: файрштром ссать хотел
 86176 | Tar:2    | xeno23: церебов с 20 фш дохнет
 86176 | Tar:2    | namelastname112: иммунный, неимунный
 86176 | Tar:2    | xeno23: дис тоже
 86287 | Tar:2    | xeno23: а милишник абсолютно любого моба убивает простым топором
 86315 | Tar:2    | xeno23: НИСПРАВЕДЛИВА
 86527 | Tar:3    | You fall through a shaft!
 86528 | Tar:4    | namelastname112: You fall through a shaft!
 86528 | Tar:4    | namelastname112: удобно
 86614 | Tar:5    | You fall through a shaft!
 86654 | Tar:7    | Entered Level 7 of Tartarus
 86656 | Tar:7    | namelastname112: хороший лейаут
 86656 | Tar:7    | namelastname112: одобряю
 86759 | Tar:7    | xeno23: без лабиринта хоть
 87152 | Tar:7    | Noticed Ereshkigal
 87153 | Tar:7    | namelastname112: лол
 87153 | Tar:7    | namelastname112: наконец-то эреш разглядел
 87153 | Tar:7    | namelastname112: я все думал, что это рыба грустная какая-то
 87193 | Tar:7    | Killed Ereshkigal
 87200 | Tar:7    | xeno23: ниче что она на ногах и с руками?
 87228 | Tar:7    | Got a bone rune of Zot
 87229 | Tar:7    | namelastname112: ну она такая
 87229 | Tar:7    | namelastname112: странная жаба
 87382 | Geh:1    | Entered Level 1 of Gehenna
 87605 | Geh:1    | You fall through a shaft!
 88086 | Geh:5    | namelastname112: лол
 88086 | Geh:5    | namelastname112: вот это заебца
 88086 | Geh:5    | namelastname112: всегда бы так
 88153 | Geh:7    | Entered Level 7 of Gehenna
 88557 | Geh:7    | namelastname112: ммм
 88557 | Geh:7    | namelastname112: мануал аира
 88557 | Geh:7    | namelastname112: очень вовремя
 88584 | Geh:7    | xeno23: лел
 88588 | Geh:7    | namelastname112: о
 88588 | Geh:7    | xeno23: о
 88588 | Geh:7    | namelastname112: мейс лежит
 88588 | Geh:7    | namelastname112: лел
 88588 | Geh:7    | xeno23: веселая хуйня
 88588 | Geh:7    | namelastname112: да
 88588 | Geh:7    | namelastname112: помню за cк как-то купил её
 88588 | Geh:7    | namelastname112: ОТЫГРЫШ
 88713 | Geh:7    | Noticed Asmodeus
 88714 | Geh:7    | namelastname112: спит
 88714 | Geh:7    | namelastname112: бедняга
 88714 | Geh:7    | xeno23: апорт
 88714 | Geh:7    | namelastname112: поди руну только почистил
 88715 | Geh:7    | Got an obsidian rune of Zot
 88797 | Geh:7    | Killed Asmodeus
 89067 | Coc:1    | Entered Level 1 of Cocytus
 89924 | Coc:6    | namelastname112: кстати
 89924 | Coc:6    | namelastname112: я недавно делал кожурера диса
 89924 | Coc:6    | namelastname112: ниче так
 89924 | Coc:6    | namelastname112: особенно поначало
 89924 | Coc:6    | namelastname112: можно почти все дартом убивать, лол
 89924 | Coc:6    | xeno23: ну и в чем профит
 89924 | Coc:6    | namelastname112: потому что тень ебошит знатно
 89950 | Coc:6    | xeno23: хм
 89960 | Coc:7    | Entered Level 7 of Cocytus
 90156 | Coc:7    | Noticed the Serpent of Hell
 90161 | Coc:7    | namelastname112: а вот и серпент
 90161 | Coc:7    | xeno23: ну они слабые
 90161 | Coc:7    | namelastname112: не помню, чтобы я его в коке видел хоть раз еще
 90161 | Coc:7    | namelastname112: ну бля
 90161 | Coc:7    | namelastname112: в дисе серпент та еще сука
 90161 | Coc:7    | namelastname112: в таре тоже неприятный
 90199 | Coc:7    | namelastname112: вот прикинь
 90199 | Coc:7    | namelastname112: за всю игру книги с хастой не нашел
 90199 | Coc:7    | namelastname112: обидно
 90199 | Coc:7    | xeno23: мда
 90216 | Coc:7    | Killed the Serpent of Hell
 90698 | Coc:7    | Noticed Antaeus
 90700 | Coc:7    | namelastname112: блять
 90700 | Coc:7    | namelastname112: приперся
 90700 | Coc:7    | namelastname112: не мог подождать чтоль
 90700 | Coc:7    | namelastname112: пидор жирный
 90708 | Coc:7    | xeno23: да он лох
 90717 | Coc:7    | xeno23: лол
 90717 | Coc:7    | namelastname112: лол
 90717 | Coc:7    | xeno23: Antaeus hits you with a faintly glowing quarterstaff {venom}!!!!
 90717 | Coc:7    | namelastname112: охуеть он мне уебал
 90717 | Coc:7    | xeno23: он даже не быстрый
 90718 | Coc:7    | xeno23: руну бери с уебывай
 90763 | Coc:7    | xeno23: майт где
 90786 | Coc:7    | Identified the +7 quarterstaff of the Eternal Void {venom, rElec rC- rN+++ Dex+3}
 90786 | Coc:7    | Slain by Antaeus

Vault maps used:
D:1:      lightli_arrival_noodles
D:2:      overflow_temple_1_default, first_bread
D:3:      small_statue_intersection, uniq_crazy_yiuf_cottage
D:4:      overflow_temple_1_default, corexii_shack, nrook_mini_backslash,
          grunt_ministairs_6
D:5:      kennysheep_mini, nemelex_deck, uniq_grinder
D:6:      minmay_temple_entry_purple_smoke, grunt_pakellas_basics
D:7:      marbit_many_paths, fedhas_altar_2
D:8:      grunt_qazlal_sundering, grunt_temple_overflow_open, dpeg_lair_monsters
D:10:     minmay_orc_entry_temple_small
D:11:     serial_shops, nicolae_shop_window_shopping
D:12:     enter_bailey_2, uniq_kirke
D:13:     minmay_strange_plus, serial_shops, shop
D:14:     minmay_curled_crystal, uniq_frances, uniq_urug, uniq_maud
D:15:     grunt_enter_depths_hoard, basic_altar, serial_bayou_shore_a,
          fungi_pond_lemuel, uniq_agnes
Temple:   chambers_temple_12
Lair:1:   minmay_lair_oklob_items, uniq_gastronok, uniq_nergalle
Lair:2:   serial_bayou_crossing
Lair:3:   pond, grunt_megastairs_2
Lair:4:   lemuel_ratsnest
Lair:5:   minmay_shoals_entry_hut, st_stairs_13, minmay_stone_trees_small
Lair:6:   lemuel_slime, spider_nest_entry_web_field,
          minmay_slime_entry_oklob_enclosed, grunt_forest_large_clearings
Lair:7:   beast_lair_carwin_large_1, grunt_megastairs_4
Lair:8:   hangedman_lair_in_review, hangedman_lair_caniforms_friends,
          portal_ice_cave_entry_ice_beasts, serial_bayou, serial_bayou_pond_a,
          serial_bayou_pond_e, serial_bayou_pond_a
Shoals:1: serial_shops, shop, overgrown_hall
Shoals:2: serial_shops, nicolae_shop_overgrown_old_shop, shop,
          nicolae_shop_crystal, shop, nicolae_shop_waterfront
Shoals:3: uniq_polyphemus
Shoals:4: shoals_end_grunt_garden, shoals_ilsuiw_alternative, uniq_aizul
Spider:1: hangedman_spider_tarantella_strand
Spider:2: special_room, nicolae_spider_webbed_stairs
Spider:3: nicolae_spider_cling_halls, uniq_arachne
Spider:4: spider_rune_water, uniq_mara
Slime:2:  basic_altar, nicolae_slime_barrier, uniq_dissolution
Slime:4:  basic_altar, hangedman_slime_spill
Orc:1:    serial_shops, nicolae_shop_temple_entry_statues_fountains
Orc:2:    kennysheep_orc_mage_school, guppyfry_library_mini
Elf:1:    eino_elf_arrival_shootout, serial_shops, shop, minmay_elf_necromancy,
          st_stairs_8, roderic_lattice_octagonal_star
Elf:2:    spider_trap
Elf:3:    elf_hall, serial_shops, shop, st_stairs_5
Vaults:1: vaults_room_corners, ontoclasm_vaults_misaligned, v_pattern_1,
          st_smaller_cells, nicolae_vaults_mini_display_case,
          hangedman_vaults_capsules, nicolae_vaults_alarming, v_rooms_3,
          vaults_room_hallway, nicolae_vaults_hallways_thing
Vaults:2: nicolae_vaults_murderbox, vaults_dpeg_ring, v_alt_pattern_4,
          ontoclasm_vaults_misaligned, v_misc_27, nicolae_vaults_circle_grid_b,
          hangedman_vaults_snaps, ontoclasm_vaults_bender,
          nicolae_vaults_gold_heap, vaults_standard_mumra_x,
          hangedman_vaults_corner_blocks, vaults_room_corners, vaults_room_pool,
          serial_shops, shop
Vaults:3: vaults_dpeg_diagonal, nicolae_vaults_yaktaur_gun_rack,
          ontoclasm_vaults_spin, v_pattern_4, vaults_mumra_lcd,
          nicolae_vaults_little_squares_2, dpeg_vaults_monster_box,
          minmay_crypt_entry_simple_statues, serial_shops, nicolae_shop_trees
Vaults:4: vaults_mumra_hex, v_misc_9, v_rooms_4, hangedman_vaults_locks,
          grunt_vaults_twisty, v_misc_27, nicolae_vaults_little_squares_4,
          nicolae_vaults_little_squares_1, ontoclasm_vaults_idyll,
          nicolae_vaults_ring_of_whatevers
Vaults:5: uniq_saint_roka, uniq_sojobo
Crypt:1:  evilmike_wizard_prison, grunt_crypt_arrival_webbed, grunt_megastairs_1
Crypt:2:  basic_altar
Crypt:3:  grunt_crypt_end_deaths_head
Tomb:1:   uniq_boris
Tomb:3:   uniq_mennas
Depths:1: kennysheep_donut, grunt_mini_vestibule, abyss_entry,
          minmay_misc_feat_cross, spider_trap, kilobyte_mutagenic_chamber,
          uniq_norris
Depths:2: hangedman_crystal_crosses_colossus, hell_entry, pan_entry
Depths:3: vault_1, enter_ziggurat_e, hell_entry, grunt_pan_entry_sceptre,
          minmay_staircase_statues_hall_large
Depths:4: pf_snail_temple, minmay_door_square, hellmouth_1, pan_entry,
          abyss_entry, library_closet
Depths:5: grunt_zot_entry_hairpin, abyss_entry, abandoned_shop, hell_entry,
          minmay_multi_spiral, uniq_boris, uniq_enchantress, uniq_margery,
          uniq_xtahua
Dis:2:    hangedman_player_shredder
Dis:3:    hangedman_dis_chains
Dis:4:    nicolae_dis_iron_filings
Dis:5:    hangedman_dis_decor_blocks_crown
Dis:7:    iron_city_of_dis
Geh:2:    nicolae_geh_single_fiery_grave
Geh:5:    lemuel_elevator
Geh:7:    geh_old
Coc:2:    serial_ice, serial_ice_e
Coc:7:    coc_grunt_cove
Tar:2:    minmay_shadows, lemuel_nasty_fountain, lemuel_elevator
Tar:3:    grunt_deathspiral_small
Tar:7:    tar_old
Zot:2:    kennysheep_spiral_hall
Zot:4:    kennysheep_ambush_hall, grunt_ministairs_7
Abyss:3:  guppyfry_abyss_exit_glass_guarded
Abyss:4:  evilmike_abyss_rune_acolytes_2, minivault_25_ag
Pan:      evilmike_mini_pan_other_thingy, nicolae_pan_sigil_obb, rand_demon_1,
          evilmike_mini_pan_pillars_b, pan_blood_fountain_small,
          evilmike_mini_pan_branches, evilmike_mini_pan_other_thingy,
          pan_blood_fountain_2, evilmike_mini_pan_corridor,
          pan_blood_fountain_small, rand_demon_6, pan_blood_fountain_2,
          rand_demon_8, pan_blood_fountain, nicolae_pan_door_chamber,
          nicolae_pan_gloorx_vloqian_2, nicolae_pan_glass_arcs,
          pan_blood_fountain_2, nicolae_pan_sigil_nadil, rand_demon_6,
          nicolae_pan_cerebovesque_3, rand_demon_3, evilmike_mini_pan_doors_b,
          pan_surprise, evilmike_mini_pan_pillars_b,
          nicolae_pan_gloorx_vloqian_1, evilmike_mini_pan_3x3,
          pan_blood_fountain, lemuel_hall_of_pain, reaverb_pan_squares,
          rand_demon_1, evilmike_mini_pan_doors_b, pan_blood_fountain,
          pan_blood_fountain_small, nicolae_pan_giant_door,
          nicolae_pan_sick_transit, nicolae_pan_performance_anxiety,
          reaverb_pan_figure_eight, evilmike_mini_pan_diamond,
          pan_blood_fountain_small, nicolae_pan_cerebovesque_1,
          evilmike_mini_pan_corridor, lom_lobon_spiral_st,
          nicolae_pan_mnolegish_2, evilmike_mini_pan_V, nicolae_pan_mnolegish_1,
          rand_demon_9, evilmike_mini_pan_other_thingy, nicolae_pan_glass_arcs,
          nicolae_pan_sigil_obb, grunt_pan_spiral, pan_blood_fountain_small,
          rand_demon_5, pan_blood_fountain, evilmike_holy_pan,
          nicolae_pan_glass_arcs, pan_blood_fountain_small, gloorx_vloq_st,
          mnoleg_grunt, pan_blood_fountain_small, evilmike_mini_pan_corridor,
          pan_blood_fountain_small, nicolae_pan_sigil_uleosi,
          nicolae_pan_mnolegish_5, evilmike_mini_pan_pillars_b,
          nicolae_pan_mnolegish_3, rand_demon_7, evilmike_mini_pan_doors_b,
          grunt_pan_pentagram, nicolae_pan_lom_lobonic_3, cerebov,
          pan_blood_fountain_small
Zig:8:    ziggurat_pillar_centre_smoke
Bailey:   bailey_axe_3, bailey
IceCv:    ice_cave_caverns_02

Skill      XL: |  1  2  3  4  5  6  7  8  9 10 11 12 13 14 15 16 17 18 19 20 21 22 23 24 25 26 27 |
---------------+----------------------------------------------------------------------------------+-----
Unarmed Combat | 5 6 8 9 10 | 10.6
Dodging        | 4 5 6 7 8 9 10 11 12 13 14 15 16 | 16.6
Shields        | 3 4 6 7 8 9 10 11 12 14 15 16 17 18 19 | 19.3
Invocations    | 3 4 6 7 9 10 11 12 13 14 15 16 | 16.6
Fighting       | 5 6 7 8 9 10 12 13 14 15 16 17 18 19 | 19.9
Axes           | 3 6 8 10 12 13 15 16 17 18 19 20 21 22 27 | 27.0
Throwing       | 7 12 13 14 15 18 | 18.3
Spellcasting   | 5 8 24 | 24.0
Charms         | 4 8 11 | 11.5
Translocations | 5 8 19 | 19.9
Stealth        | 10 | 10.7
Air Magic      | 6 27 | 27.0
Hexes          | 5 |  5.2
Necromancy     | 4 |  4.1

Action                   |  1- 3 |  4- 6 |  7- 9 | 10-12 | 13-15 | 16-18 | 19-21 | 22-24 | 25-27 || total
-------------------------+-------+-------+-------+-------+-------+-------+-------+-------+-------++-------
Melee: Unarmed           |   111 |   128 |   316 |       |       |       |       |       |       ||   555
       Broad axe         |       |       |    78 |   679 |  1595 |  2172 |  2022 |  1484 | 12097 || 20127
Throw: Javelin           |       |       |       |       |       |       |       |       |     8 ||     8
 Cast: Apportation       |       |       |       |       |       |       |     1 |       |     4 ||     5
       Spectral Weapon   |       |       |       |       |       |       |       |       |     3 ||     3
       Regeneration      |       |       |       |       |       |       |       |       |   109 ||   109
       Silence           |       |       |       |       |       |       |       |       |    45 ||    45
       Deflect Missiles  |       |       |       |       |       |       |       |       |    22 ||    22
       Tornado           |       |       |       |       |       |       |       |       |     6 ||     6
       Controlled Blink  |       |       |       |       |       |       |       |       |     3 ||     3
       Blink             |       |       |       |       |       |       |       |       |     1 ||     1
Invok: Lesser Servant of |       |       |     1 |     3 |    11 |       |       |       |       ||    15
       Minor Destruction |       |       |       |     1 |     7 |       |       |       |       ||     8
       Greater Servant o |       |       |       |     1 |       |       |       |     2 |     5 ||     8
       Major Destruction |       |       |       |       |    20 |       |       |       |       ||    20
 Abil: Breathe Frost     |       |       |    16 |    11 |     6 |       |       |       |       ||    33
Evoke: Wand              |       |     3 |       |       |     1 |     8 |     3 |       |    32 ||    47
       Deck              |       |     1 |       |       |     1 |       |       |       |       ||     2
       Stone of tremors  |       |       |       |     1 |     1 |       |       |       |       ||     2
       Lamp of fire      |       |       |       |       |       |       |       |     1 |       ||     1
       Figurine of a zig |       |       |       |       |       |       |       |       |     1 ||     1
  Use: Scroll            |       |     3 |     9 |    10 |    26 |    13 |     9 |     4 |    43 ||   117
       Potion            |       |     1 |     9 |     1 |     5 |     1 |       |     1 |    36 ||    54
 Stab: Sleeping          |     3 |     6 |     6 |     7 |    13 |     7 |    11 |       |    16 ||    69
       Invisible         |       |     2 |       |       |       |       |       |       |       ||     2
       Confused          |       |     3 |       |       |       |       |       |       |     6 ||     9
       Distracted        |       |       |       |     1 |     3 |     1 |     2 |     4 |    28 ||    39
       Petrified         |       |       |       |       |       |     4 |       |       |       ||     4
       Petrifying        |       |       |       |       |       |     1 |       |       |     2 ||     3
       Held in net/web   |       |       |       |       |       |     1 |       |       |     1 ||     2
  Eat: Chunk             |     2 |     1 |    11 |    14 |    30 |    15 |    24 |    17 |    21 ||   135
       Meat ration       |       |     1 |     1 |     1 |       |     3 |     1 |       |    21 ||    28
       Fruit             |       |       |     2 |       |       |       |       |       |       ||     2
       Beef jerky        |       |       |     3 |     1 |     1 |     2 |       |       |     2 ||     9
       Royal jelly       |       |       |       |     1 |     1 |     1 |       |       |    16 ||    19
       Pizza             |       |       |       |     1 |     2 |     4 |     1 |     2 |     4 ||    14
       Bread ration      |       |       |       |       |       |       |       |       |     1 ||     1
